 Dungeon Crawl Stone Soup version 0.31-a0-848-gaac375c287 (webtiles) character file.

Game seed: 2333624621698644304

52171 croobank the Champion of Chaos (level 14, -11/94 HPs)
             Began as an Octopode Delver on Oct 4, 2023.
             Was the Champion of Makhleb.
             Mangled by a two-headed ogre
             ... wielding a +2 great mace of flaming
              (34 damage)
             ... in a volcano.
             The game lasted 01:24:50 (13829 turns).

croobank the Champion of Chaos (Octopode Delver)   Turns: 13829, Time: 01:24:50

Health: -11/94     AC:  5    Str: 14    XL:     14   Next: 62%
Magic:  35/35      EV: 20    Int: 25    God:    Makhleb [******]
Gold:   965        SH:  0    Dex: 20    Spells: 12/30 levels left

rFire   + + +        a - +9 trident (venom)
rCold   + . .        l - orb of the Original Sin {light, rF++ Will+ Regen+ MP+9}
rNeg    + . .        G - melded +1 hat
rPois   +            u - amulet of regeneration
rElec   .            n - ring of protection from cold
rCorr   .            j - +4 ring of protection
SInv    .            J - +5 ring of evasion
Will    ++...        H - ring of poison resistance
Stlth   ++           Q - +6 ring of intelligence
HPRegen 1.95/turn    c - ring "Licuohocw" {Wiz rC+ rN+}
MPRegen 0.24/turn    r - ring of Qulevis {Fire Int+5}
                     V - +6 ring of dexterity

%: wizardry (x1)
@: beast-form, wereblooded, glowing
A: beast (slay +4), almost no armour, amphibious, 8 rings, camouflage 1,
gelatinous body 1, (nimble swimmer 1), tentacles, robust 1
a: Begin Untransformation, Renounce Religion, Minor Destruction, Lesser Servant
of Makhleb, Major Destruction, Greater Servant of Makhleb


You were in a volcano.
You worshipped Makhleb.
Makhleb was exalted by your worship.
You were a hulking beast.
You visited 2 branches of the dungeon, and saw 16 of its levels.
You also visited: Bailey, Gauntlet and Volcano.

You collected 998 gold pieces.
You spent 33 gold pieces at shops.

Inventory:

Hand Weapons
 a - a +9 trident of venom (weapon)
 t - a +2 long sword of holy wrath
 P - a +2 short sword of speed
Missiles
 m - 11 boomerangs (quivered)
 v - 4 atropa-tipped darts
 I - a throwing net
 O - 11 javelins
Armour
 l - the orb of the Original Sin (worn) {light, rF++ Will+ Regen+ MP+9}
   (You acquired it in a bailey)

   rF++:      It greatly protects you from fire.
   Will+:     It increases your willpower.
   MP+9:      It affects your magic capacity (+9).
   Regen+:    It increases your rate of health regeneration.
 G - a +1 hat (melded)
Jewellery
 c - the ring "Licuohocw" (on tentacle) {Wiz rC+ rN+}
   (You found it in a Gauntlet)

   [ring of wizardry]

   Wiz:       It improves your spell success rate.
   rC+:       It protects you from cold.
   rN+:       It protects you from negative energy.
 j - a +4 ring of protection (right tentacle)
 n - a ring of protection from cold (left tentacle)
 r - the ring of Qulevis (on tentacle) {Fire Int+5}
   (You found it in a Gauntlet)

   [ring of fire]

   Fire:      It enhances your fire magic.
   Int+5:     It affects your intelligence (+5).
   rF+:       It protects you from fire.
   rC-:       It makes you vulnerable to cold.
 u - an amulet of regeneration (around mantle)
 H - a ring of poison resistance (on tentacle)
 J - a +5 ring of evasion (on tentacle)
 Q - a +6 ring of intelligence (on tentacle)
 V - a +6 ring of dexterity (on tentacle)
 Y - the ring "Hyh Rysm" {Will+ rCorr Str-4 Dex+3 Stlth+}
   (You found it on level 1 of the Lair of Beasts)

   [ring of willpower]

   Str-4:     It affects your strength (-4).
   Dex+3:     It affects your dexterity (+3).
   Will+:     It increases your willpower.
   rCorr:     It protects you from acid and corrosion.
   Stlth+:    It makes you more stealthy.
Talismans
 w - a beast talisman (active)
Wands
 y - a wand of iceblast (10)
 z - a wand of quicksilver (11)
 D - a wand of digging (9)
 L - a wand of charming (4)
Scrolls
 b - 3 scrolls of fog
 g - 5 scrolls of teleportation
 k - 3 scrolls of enchant weapon
 C - 2 scrolls of immolation
 E - 2 scrolls of fear
 R - 2 scrolls of vulnerability
Potions
 d - 3 potions of curing
 e - 3 potions of magic
 h - a potion of attraction
 i - 3 potions of mutation
 s - a potion of cancellation
 B - 3 potions of heal wounds
 F - 2 potions of lignification
 K - 4 potions of haste
 X - a potion of invisibility
 Z - a potion of ambrosia
Miscellaneous
 f - a phantom mirror
 S - a tin of tremorstones (2/2)


   Skills:
 - Level 4.7 Fighting
 - Level 3.3 Short Blades
 + Level 12.8 Polearms
 - Level 4.1 Dodging
 - Level 8.5 Stealth
 - Level 2.4 Shields
 + Level 8.8 Spellcasting
 - Level 6.0 Conjurations
 + Level 9.5 Transmutations
 + Level 13.5 Invocations
 - Level 7.0 Shapeshifting


You had 12 spell levels left.
You knew the following spells:

 Your Spells              Type           Power      Damage    Failure   Level
a - Wereblood             Tmut           56%        N/A       1%          2
b - Inner Flame           Hex/Fire       16%        N/A       7%          3
c - Yara's Violent Unrav  Hex/Tmut       17%        3d8       9%          5
d - Mephitic Cloud        Conj/Pois/Air  21%        N/A       3%          3
e - Irradiate             Conj/Tmut      24%        3d19      2%          5

Your spell library contained the following spells:

 Spells                   Type           Power      Damage    Failure   Level
 Magic Dart               Conj           100%       1d8       1%          1
 Stone Arrow              Conj/Erth      52%        3d10      1%          3
 Summon Small Mammal      Summ           44%        N/A       2%          1
 Call Imp                 Summ           22%        N/A       3%          2
 Petrify                  Tmut/Erth      34%        N/A       3%          4
 Call Canine Familiar     Summ           11%        N/A       7%          3
 Tukima's Dance           Hex            11%        N/A       7%          3
 Passage of Golubria      Tloc           11%        N/A       22%         4
 Summon Lightning Spire   Summ/Air       11%        N/A       22%         4
 Lee's Rapid Deconstruct  Erth           5%         3d6*      50%         5
 Silence                  Hex/Air        5%         N/A       50%         5
 Enfeeble                 Hex            5%         N/A       100%        7
 Summon Hydra             Summ           5%         N/A       100%        7
 Lehudib's Crystal Spear  Conj/Erth      13%        10d4      100%        8
 Animate Armour           Summ/Erth      Unusable   N/A       N/A         4

Dungeon Overview and Level Annotations

Branches:
Dungeon (12/15)            Temple (0/1) D:6            Lair (4/5) D:10
  Swamp (0/4) Lair:3       Spider (0/4) Lair:2          Orc (0/2) D:9
 Bailey (visited)         Volcano (1/1)             Gauntlet (visited)
  Slime: Lair:4-5

Altars:
Ashenzari
Cheibriados
Dithmenos
Gozag
Kikubaaqudgha
Makhleb
Ru
Wu Jian
Yredelemnul

Shops:
D:5 [   D:6 (   D:12 *

Annotations:
D:6 3 runed translucent doors, spinyworm's ghost, novice GnWr
D:9 2 transporters


Innate Abilities, Weirdness & Mutations

You are a hulking beast.
Your limbs bulge with bestial killing power. (Slay +4)
You cannot wear most types of armour.
You are amphibious.
You can wear up to eight rings at the same time.
Your skin changes colour to match your surroundings (Stealth+).
Your rubbery body absorbs attacks. (AC +1, EV +1)
((You are camouflaged when in or above water. (Stealth+)))
You have tentacles for arms and can constrict up to eight enemies at once.
You are robust. (+10% HP)


Message History

The ogre mage hits you from afar with a +1 spear of flaming!
You hit the two-headed ogre but do no damage.
The two-headed ogre looks as sick as possible!
The two-headed ogre is moderately wounded.
The two-headed ogre hits you with a +0 giant club of flaming!
The two-headed ogre closely misses you.
You hit the two-headed ogre.
The two-headed ogre is heavily wounded.
The ogre mage misses you.
You hit the two-headed ogre.
The two-headed ogre looks as sick as possible!
The two-headed ogre is heavily wounded.
The two-headed ogre misses you.
The two-headed ogre hits you with a +2 great mace of flaming!
The two-headed ogre burns you.
You puncture the two-headed ogre!
The two-headed ogre looks as sick as possible!
The two-headed ogre is severely wounded.
The ogre mage barely misses you.
You hit the two-headed ogre.
The two-headed ogre looks as sick as possible!
The two-headed ogre is almost dead.
The two-headed ogre hits you with a +0 giant club of flaming!!
The two-headed ogre completely misses you.
You puncture the two-headed ogre!
You feel a bit better.
You kill the two-headed ogre!
Makhleb accepts your kill.
You feel better.
You howl as the wereblood boils in your veins!
The ogre mage gestures at the two-headed ogre while chanting.
The two-headed ogre seems to speed up.
The two-headed ogre barely misses you.
The two-headed ogre hits you with a +2 great mace of flaming!
There is an open door, spattered with blood here.
Items here: )))).
You impale the two-headed ogre!! You squeeze the two-headed ogre!
The two-headed ogre is heavily wounded.
The ogre mage hits you with a +1 spear of flaming!
* * * LOW HITPOINT WARNING * * *
The two-headed ogre hits you with a +2 great mace of flaming!!
You die...

≈§≈§§≈°≈≈§≈≈≈≈≈§§≈≈≈≈≈§§≈≈○○≈§≈§§
§§§≈≈≈≈≈≈§≈≈≈§§§§§≈ ≈≈≈≈≈§§§§≈§§§
≈§§≈≈≈≈§≈§≈≈≈§.≈§≈ §≈≈§§§
§§§≈≈≈≈. ≈≈ §§≈≈≈ ####### ≈≈
+.....+ §≈ #.8_8.# #.OO..# #h#
≈§§≈≈≈§.# #.# ≈§§≈≈§§§# #.#
§≈§≈≈§§.# #.# ≈≈≈≈≈§§§# #.#
§§§≈≈≈..# #.# ≈≈§§§≈≈.# #.#
°≈§§§≈≈.########'######
...§§§...................≈§§ ≈≈


You could see a two-headed ogre (fast) and an ogre mage (invisible).

Vanquished Creatures
  A quicksilver ooze (Gauntlet)
  A minotaur (Gauntlet)
  2 catoblepae
  2 hydras
  A boulder beetle (D:11)
  2 two-headed ogres (Volcano)
  A skeletal warrior (D:11)
  A pharaoh ant (Lair:2)
  A necromancer (D:11)
  An orc knight (Bailey)
  2 cyclopes
  A moth of wrath (Gauntlet)
  6 elephants (Lair:2)
  2 manticores (D:12)
  13 centaur zombies
  2 black mambas
  A gargoyle (D:12)
  4 centaur skeletons (D:11)
  8 cane toads
  3 rime drakes (Lair:2)
  A torpor snail (Lair:1)
  7 kobold demonologists
  A minotaur zombie (Gauntlet)
  8 komodo dragons
  3 unseen horror zombies (D:10)
  4 trolls
  10 blink frogs
  A tarantella (Lair:2)
  2 hornets
  4 polar bears
  Prince Ribbit (D:9)
  11 shadows
  3 flying skulls (D:11)
  15 slime creatures
  7 vampires
  10 wraiths
  A spriggan (Lair:3)
  2 basilisks
  A fire bat (Volcano)
  29 yaks
  4 wyverns
  A redback (Lair:2)
  7 vampire mosquitoes (D:11)
  A swamp worm (Lair:3)
  3 acid dragons
  4 water moccasins
  A black bear (Lair:3)
  13 orc warriors
  16 wolves
  An ogre (D:7)
  6 centaurs
  3 phantoms
  3 kobold brigands
  A gnoll sergeant (D:8)
  5 bullfrogs
  Blork the orc (D:4)
  3 scorpions
  6 wights (D:11)
  15 killer bees
  An electric eel (Bailey)
  2 howler monkeys
  4 lava snakes (Volcano)
  8 orc priests
  4 hounds
  5 sleepcaps
  Jessica (D:3)
  6 iguanas
  12 orc wizards
  Robin (D:2)
  2 howler monkey zombies (D:10)
  7 adders
  10 gnolls
  2 shadow imps (D:5)
  A white imp (D:7)
  An ufetubus (D:5)
  A worm (D:3)
  3 dart slugs
  43 orcs
  9 ball pythons
  6 bats
  9 endoplasms
  A giant cockroach (D:1)
  22 goblins
  15 hobgoblins
  12 jackals
  17 kobolds
  6 quokkas
  3 frilled lizards
  8 rats
492 creatures vanquished.

Vanquished Creatures (collateral kills)
  A centaur skeleton (D:11)
  A troll (D:11)
  A flying skull (D:11)
  A shadow (D:11)
  A basilisk (D:11)
  A centaur (D:11)
  3 killer bees (D:11)
  An orc (D:9)
10 creatures vanquished.

Grand Total: 502 creatures vanquished

Notes
Turn   | Place    | Note
-------+----------+-------------------------------------------
     0 | D:5      | croobank the Octopode Delver began the quest for the Orb.
     0 | D:5      | Reached XP level 1. HP: 16/16 MP: 1/1
     1 | D:6      | Noticed an orc priest
     1 | D:6      | Noticed an orc wizard
     3 | D:6      | Noticed a sleepcap
     3 | D:6      | Noticed an orc wizard
     3 | D:6      | Noticed an iguana
    12 | D:5      | Killed an orc wizard
    13 | D:5      | Reached XP level 2. HP: 12/21 MP: 2/2
    13 | D:5      | Reached XP level 3. HP: 16/26 MP: 3/3
    58 | D:5      | Found Iconkips's Armour Shoppe.
    89 | D:5      | Reached XP level 4. HP: 14/31 MP: 4/4
   164 | D:5      | Noticed a scorpion
   167 | D:5      | Killed a scorpion
   168 | D:5      | Reached XP level 5. HP: 37/37 MP: 5/5
   718 | D:2      | Noticed Robin
   722 | D:2      | Killed Robin
  1063 | D:1      | Reached XP level 6. HP: 40/43 MP: 6/6
  1145 | D:1      | Found a faded altar of an unknown god.
  1633 | D:2      | Reached skill level 1 in Polearms
  2257 | D:3      | Noticed Jessica
  2258 | D:3      | Killed Jessica
  2557 | D:4      | Reached XP level 7. HP: 36/49 MP: 7/7
  2574 | D:4      | Found an opulent altar of Gozag.
  2756 | D:4      | Found a shadowy altar of Dithmenos.
  2756 | D:4      | Found a snail-covered altar of Cheibriados.
  2763 | D:4      | Found an ancient bone altar of Kikubaaqudgha.
  2765 | D:4      | Found a faded altar of an unknown god.
  2773 | D:4      | Found an ornate altar of the Wu Jian Council.
  2779 | D:4      | Prayed at the altar of an unknown god.
  2779 | D:4      | Became a worshipper of Makhleb the Destroyer
  2779 | D:4      | Reached * piety under Makhleb
  2933 | D:4      | Noticed Blork the orc
  2942 | D:4      | Killed Blork the orc
  3060 | D:5      | Reached skill level 1 in Shapeshifting
  3127 | D:5      | Reached XP level 8. HP: 54/54 MP: 8/8
  3171 | D:5      | Learned a level 2 spell: Wereblood
  3187 | D:5      | Reached skill level 5 in Polearms
  3956 | D:5      | Reached ** piety under Makhleb
  4094 | D:6      | Found Waihueh's Weapon Emporium.
  4102 | D:6      | Bought a throwing net for 33 gold pieces
  4104 | D:6      | Found a staircase to the Ecumenical Temple.
  4185 | D:6      | Reached skill level 1 in Invocations
  4236 | D:6      | Reached XP level 9. HP: 59/59 MP: 10/10
  4245 | D:6      | Found a runed translucent gate.
  4245 | D:6      | Found a runed translucent gate.
  4246 | D:6      | Found a runed translucent gate.
  4246 | D:6      | Noticed spinyworm's ghost (novice GnWr)
  4247 | D:6      | Noticed a kobold demonologist
  4410 | D:7      | Reached skill level 2 in Invocations
  4711 | D:7      | Reached skill level 3 in Invocations
  5144 | D:8      | Reached skill level 4 in Invocations
  5144 | D:8      | Reached skill level 5 in Shapeshifting
  5198 | D:8      | Found a flagged portal.
  5211 | Bailey   | Entered a bailey
  5246 | Bailey   | Reached skill level 5 in Invocations
  5378 | Bailey   | Noticed a kobold demonologist
  5385 | Bailey   | Killed a kobold demonologist
  5392 | Bailey   | Reached skill level 6 in Invocations
  5413 | Bailey   | Noticed an orc knight
  5418 | Bailey   | Killed an orc knight
  5419 | Bailey   | Reached XP level 10. HP: 47/65 MP: 13/15
  5464 | Bailey   | Reached *** piety under Makhleb
  5480 | Bailey   | Reached skill level 7 in Invocations
  5639 | Bailey   | Found an iron altar of Okawaru.
  5639 | Bailey   | Noticed a kobold demonologist
  5642 | Bailey   | Noticed a sixfirhy
  5651 | Bailey   | Gained mutation: You are robust. (+10% HP) [potion of
                  | mutation]
  5662 | Bailey   | Killed a kobold demonologist
  5688 | Bailey   | Identified the +3 leather armour of Death's Door {Rampage
                  | rElec rN+}
  5875 | Bailey   | Acquired the +4 kite shield of Eshrueco {Int+3}
  5878 | Bailey   | Acquired the orb of the Original Sin {light, rF++ Will+
                  | Regen+ MP+9}
  6006 | D:8      | Found a broken altar of Ashenzari.
  6100 | D:8      | Found a basalt altar of Yredelemnul.
  6449 | D:9      | Noticed Prince Ribbit
  6459 | D:9      | Reached skill level 8 in Invocations
  6462 | D:9      | Killed Prince Ribbit
  6463 | D:9      | Reached skill level 1 in Shields
  6466 | D:9      | Reached **** piety under Makhleb
  6467 | D:9      | Found a transporter.
  6578 | D:9      | Found a transporter.
  6595 | D:9      | Found a staircase to the Orcish Mines.
  6958 | D:10     | Entered Level 10 of the Dungeon
  7010 | D:10     | Reached skill level 1 in Transmutations
  7010 | D:10     | Reached skill level 9 in Invocations
  7014 | D:10     | Reached skill level 1 in Spellcasting
  7014 | D:10     | Reached XP level 11. HP: 58/77 MP: 17/17
  7300 | D:10     | Reached skill level 10 in Invocations
  7369 | D:10     | Found a sacrificial altar of Ru.
  7389 | D:10     | Reached ***** piety under Makhleb
  7519 | D:10     | Found a staircase to the Lair.
  7719 | D:11     | Reached skill level 10 in Polearms
  7728 | D:11     | Reached XP level 12. HP: 78/82 MP: 19/19
  7740 | D:11     | Found a gate leading to a gauntlet.
  7760 | D:11     | Reached skill level 5 in Transmutations
  7774 | Gauntlet | Entered a Gauntlet
  7774 | Gauntlet | Found a transporter.
  7774 | Gauntlet | Found a transporter.
  7790 | Gauntlet | Found a transporter.
  7794 | Gauntlet | Found a transporter.
  7804 | Gauntlet | Found a transporter.
  7810 | Gauntlet | Found a transporter.
  7812 | Gauntlet | Noticed a dire elephant
  7826 | Gauntlet | Found a transporter.
  7841 | Gauntlet | Noticed a quicksilver ooze
  7846 | Gauntlet | Found a transporter.
  7866 | Gauntlet | Found a transporter.
  7870 | Gauntlet | Found a transporter.
  7880 | Gauntlet | Found a transporter.
  7884 | Gauntlet | Found a transporter.
  8074 | Gauntlet | Identified the ring "Licuohocw" {Wiz rC+ rN+}
  8093 | Gauntlet | Reached skill level 5 in Spellcasting
  8123 | Gauntlet | Learned a level 3 spell: Inner Flame
  8129 | Gauntlet | Learned a level 5 spell: Yara's Violent Unravelling
  8133 | Gauntlet | Learned a level 3 spell: Mephitic Cloud
  8138 | Gauntlet | Killed a quicksilver ooze
  8143 | Gauntlet | Identified the ring of Qulevis {Fire Int+5}
  8281 | Gauntlet | Identified the +2 chain mail of Idducufu {rElec rC+ Str+3}
  8281 | Gauntlet | Noticed a minotaur
  8290 | Gauntlet | Killed a minotaur
  8291 | Gauntlet | Reached skill level 11 in Invocations
  8344 | Gauntlet | Got a dusty book
  8561 | D:11     | Noticed a boulder beetle
  8577 | D:11     | Killed a boulder beetle
  8846 | D:11     | Reached XP level 13. HP: 65/89 MP: 22/22
  8896 | D:11     | Reached skill level 12 in Invocations
  9379 | D:11     | HP: 1/89 [slime creature (10)]
  9659 | D:12     | Found Guit's Goods Gallery.
 10324 | D:12     | Learned a level 5 spell: Irradiate
 10756 | Lair:1   | Entered Level 1 of the Lair of Beasts
 10865 | Lair:1   | Reached skill level 1 in Conjurations
 10909 | Lair:1   | Reached ****** piety under Makhleb
 11378 | Lair:1   | Reached XP level 14. HP: 88/94 MP: 26/26
 11482 | Lair:1   | Identified the ring "Hyh Rysm" {Will+ rCorr Str-4 Dex+3
                  | Stlth+}
 11666 | Lair:2   | Reached skill level 13 in Invocations
 12132 | Lair:2   | Reached skill level 5 in Conjurations
 12155 | Lair:2   | Found a hole to the Spider Nest.
 13194 | Lair:3   | Found a staircase to the Swamp.
 13607 | Lair:4   | Found a dark tunnel.
 13624 | Volcano  | Entered a volcano
 13814 | Volcano  | Found a radiant altar of Vehumet.
 13829 | Volcano  | Mangled by a two-headed ogre

Illustrated notes

Levels and vault maps discovered:
D:1:      dpeg_arrival_windows_large_door, layout_rooms,
          shapermc_ecumenical_altar_petra
D:2:      layout_basic, chequers_serial_rivers_large_b, uniq_robin
D:3:      layout_basic, hellmonk_no_cap, uniq_jessica
D:4:      layout_cave_pools, mainiacjoe_overflow_paths,
          chequers_temple_overflow_minitemple, serial_bayou_lagoon_b,
          uniq_blork_the_orc
D:5:      layout_basic, serial_shops, shop
D:6:      layout_cave_pools, minmay_temple_entry_gardened_gates, serial_shops,
          nicolae_shop_tiny_waterfront, gammafunk_ghost_nasty_kobolds,
          minmay_misc_feat_iff
D:7:      layout_loops_cross
D:8:      layout_rooms, cheibrodos_ashenzari_chains,
          mainiacjoe_overflow_concentric_impassable, enter_bailey_1
D:9:      gammafunk_steamed_eel, layout_cave_pools, david_orc_3,
          uniq_prince_ribbit1
D:10:     layout_cave_pools, nicolae_ru_awakened_eye, david_lair_shrubbed,
          serial_undead, serial_undead_b, serial_undead_d, serial_undead_b,
          serial_undead_b, serial_undead_f, serial_undead_b, serial_undead_a,
          serial_undead_d
D:11:     hangedman_screamer, layout_irregular_city, gauntlet_entry_generic,
          serial_glass, glass_columns_c, glass_columns_c
D:12:     hellmonk_destroyed_diamonds, layout_rooms, nicolae_alphabet_shops
Lair:1:   layout_cave_pods, guppyfry_lair_drakes
Lair:2:   layout_roguey, nicolae_spider_entry_lesser_pyramids
Lair:3:   layout_cave_pods, minmay_swamp_entry_worms, serial_bayou_pond_d,
          chequers_serial_rivers_micro_e, grunt_forest_stairs_clearing,
          lemuel_fruit_tree
Lair:4:   layout_layer_cave, gammafunk_ghost_arena, basic_altar,
          enter_volcano_1, serial_bayou_lake_a
Volcano:  volcano_lake [vl_original]

Skill      XL: |  1  2  3  4  5  6  7  8  9 10 11 12 13 14 |
---------------+-------------------------------------------+-----
Stealth        | 7 8 |  8.5
Short Blades   | 3 |  3.3
Dodging        | 3 4 |  4.1
Fighting       | 4 |  4.7
Polearms       | 2 4 6 7 8 10 11 12 | 12.8
Shapeshifting  | 2 4 5 7 |  7.0
Invocations    | 1 6 9 10 11 12 13 | 13.5
Shields        | 2 |  2.4
Transmutations | 1 4 7 8 9 |  9.5
Spellcasting   | 1 4 6 8 |  8.8
Conjurations   | 3 6 |  6.0

Action                     |  1- 3 |  4- 6 |  7- 9 | 10-12 | 13-15 || total
---------------------------+-------+-------+-------+-------+-------++-------
  Melee: Short sword       |    10 |    48 |       |       |       ||    58
         Tentacles         |     2 |    11 |    30 |   141 |   147 ||   331
         Constrict         |     2 |    16 |    28 |    62 |    49 ||   157
         Trident           |       |    90 |   186 |   491 |   488 ||  1255
         Punch             |       |     2 |     1 |     9 |    13 ||    25
  Throw: Boomerang         |       |     9 |     3 |     1 |    14 ||    27
         Throwing net      |       |       |       |     1 |       ||     1
   Cast: Wereblood         |       |       |       |     3 |    28 ||    31
         Inner Flame       |       |       |       |     3 |     5 ||     8
         Mephitic Cloud    |       |       |       |     2 |     1 ||     3
 Invoke: Lesser Servant of |       |       |       |     1 |       ||     1
         Major Destruction |       |       |       |     1 |       ||     1
         Greater Servant o |       |       |       |     1 |       ||     1
  Evoke: Wand              |       |       |       |     4 |       ||     4
         Phantom mirror    |       |       |       |     1 |       ||     1
    Use: Scroll            |     2 |     5 |     4 |    11 |     7 ||    29
         Potion            |       |     1 |     3 |    11 |     3 ||    18
   Stab: Sleeping          |     2 |    45 |    18 |     9 |     4 ||    78
         Distracted        |       |     2 |       |       |     2 ||     4
         Confused          |       |       |       |       |     2 ||     2
 Armour: Skin              |     8 |    37 |    65 |   332 |   206 ||   648
  Dodge: Dodged            |     4 |    54 |    71 |   535 |   318 ||   982
   Form: Beast             |       |       |     2 |       |       ||     2
                           |       |       |     1 |       |       ||     1

Table legend: (Time is in decaauts)
 A = Elapsed time spent in this place.
 B = Non-inter-level travel time spent in this place.
 C = Inter-level travel time spent in this place.
 D = Time resting spent in this place.
 E = Time spent auto-exploring this place.
 F = Levels seen in this place.
 G = Mean time per level.
                   A        B        C        D        E       F      G
               +--------+--------+--------+--------+--------+-----+--------+
         Total |  13597 |  13085 |    512 |   2019 |   7054 |  19 |  715.6 |
       Dungeon |   9264 |   8852 |    412 |   1494 |   4825 |  12 |  772.0 |
          Lair |   2774 |   2674 |    100 |      7 |   1971 |   4 |  693.5 |
        Bailey |    774 |    774 |      0 |    225 |    248 |   1 |  774.0 |
       Volcano |    197 |    197 |      0 |      0 |     10 |   1 |  197.0 |
      Gauntlet |    586 |    586 |      0 |    292 |      0 |   1 |  586.0 |
               +--------+--------+--------+--------+--------+-----+--------+

Top non-repeatable levels by time:
     D:3: 1329 daAuts
    D:11: 1255 daAuts
    D:12: 1083 daAuts
     D:2: 999 daAuts
  Lair:3: 909 daAuts
  Lair:1: 871 daAuts
  Lair:2: 801 daAuts
  Bailey: 774 daAuts
    D:10: 762 daAuts
     D:7: 682 daAuts
     D:4: 649 daAuts
Gauntlet: 586 daAuts
     D:9: 533 daAuts
     D:8: 529 daAuts
     D:5: 517 daAuts
